 Dungeon Crawl Stone Soup version 0.30-a0-567-gf7fd966b4a (webtiles) character file.

Game seed: 6420278216440113576

3785 kae the Transmogrifier (level 9, -2/115 HPs)
             Began as a Purple Draconian Transmuter on Dec 28, 2022.
             Was an Initiate of Ru.
             Slain by a scorpion (4 damage)
             ... summoned by Amaemon
             ... on level 8 of the Dungeon.
             The game lasted 00:10:37 (7977 turns).

kae the Transmogrifier (DrTm)                       Turns: 7977, Time: 00:10:37

Health: -2/115     AC:  9    Str: 13    XL:     9   Next: 95%
Magic:  0/19       EV: 10    Int: 18    God:    Ru [......]
Gold:   432        SH:  0    Dex: 11    Spells: 12/22 levels left

rFire   x . .      SeeInvis .      - Unarmed
rCold   + + +      Faith    .    (shield currently unavailable)
rNeg    . . .      Spirit   +    (body armour unavailable)
rPois   +          Reflect  .    (helmet currently unavailable)
rElec   .          Harm     .    (cloak currently unavailable)
rCorr   .          Rampage  .    (gloves currently unavailable)
Will    +....                    (boots currently unavailable) Stlth
                                 G - amulet of guardian spirit
HPRegen 0.39/turn                Z - ring of wizardry
MPRegen 0.16/turn                (no ring)

@: berserking, lethally poisoned (-2 -> -16), ice-form (expiring), very quick
A: freezing attack, amphibious, boosted hp, (breathe power), AC +7, large,
unfitting armour, (cold-blooded)
a: End Transformation, Renounce Religion


You were on level 8 of the Dungeon.
You worshipped Ru.
Ru was noncommittal.
You were a creature of crystalline ice.
You visited 2 branches of the dungeon, and saw 9 of its levels.

You collected 432 gold pieces.


Innate Abilities, Weirdness & Mutations

You are a creature of crystalline ice.
You have a powerful freezing melee attack.
You are amphibious.
Your maximum health is increased.
Your armour is entirely melded.
You are incapable of wielding weapons or throwing items.
((You can breathe bolts of dispelling energy.))
((Your rich purple scales are hard. (AC +7)))
You cannot fit into any form of body armour.
((You are cold-blooded and may be slowed by cold attacks.))


   Skills:
 - Level 1.1 Fighting
 - Level 1.7 Dodging
 + Level 6.7 Unarmed Combat
 + Level 7.2 Spellcasting
 * Level 9.1 Transmutations
 - Level 7.0 Ice Magic
 - Level 1.2 Poison Magic


You had 12 spell levels left.
You knew the following spells:

 Your Spells              Type           Power      Damage    Failure   Level
a - Beastly Appendage     Tmut           78%        N/A       1%          1
b - Wereblood             Tmut           39%        N/A       1%          2
c - Spider Form           Tmut/Pois      25%        N/A       1%          3
d - Ice Form              Ice/Tmut       35%        N/A       1%          4

Your spell library contained the following spells:

 Spells                   Type           Power      Damage    Failure   Level
 Poisonous Vapours        Pois/Air       16%        N/A       5%          2
 Cigotuvi's Dreadful Rot  Necr/Pois/Air  14%        N/A       6%          2
 Mephitic Cloud           Conj/Pois/Air  7%         N/A       11%         3
 Olgreb's Toxic Radiance  Pois           10%        N/A       26%         4
 Ozocubu's Refrigeration  Ice            15%        4d10      87%         7
 Ignition                 Fire           3%         3d4       100%        8

Inventory:

Missiles
 b - 91 stones
 c - 6 atropa-tipped darts
 i - 7 poisoned darts
 p - 5 javelins
 w - 2 curare-tipped darts {=f}
Armour
 m - a +2 cloak (melded)
   (You found it on level 8 of the Dungeon)
Jewellery
 q - an amulet of reflection
   (You found it on level 5 of the Dungeon)
 A - an amulet of the acrobat
   (You found it on level 2 of the Dungeon)
 G - an amulet of guardian spirit (around neck)
   (You found it on level 1 of the Dungeon)
 Z - a ring of wizardry (left front paw)
   (You found it on level 5 of the Dungeon)
Wands
 l - a wand of roots (5)
   (You found it on level 3 of the Dungeon)
 n - a wand of charming (10)
   (You found it on level 7 of the Dungeon)
 t - a wand of flame (10)
   (You found it on level 5 of the Dungeon)
 u - a wand of polymorph (3)
   (You found it on level 6 of the Dungeon)
Scrolls
 d - a scroll of enchant weapon
 o - a scroll of vulnerability {!r!r}
 r - a scroll of enchant armour
Potions
 a - 3 potions of lignification {!q}
 e - a potion of attraction {!q}
 f - 3 potions of might
 g - 3 potions of haste {@q3}
 j - 3 potions of curing {@q1}
 k - a potion of brilliance
 v - a potion of ambrosia

Dungeon Overview and Level Annotations

Branches:
Dungeon (8/15) Zot: 26636  Temple (1/1) D:7 Zot: 5840    Lair (0/5) D:8

Altars:
Ashenzari
Cheibriados
Dithmenos
Elyvilon
Fedhas
Gozag
Hepliaklqana
Makhleb
Nemelex Xobeh
Okawaru
Ru
Sif Muna
Trog
Uskayaw
Vehumet
Wu Jian
Xom
Yredelemnul
Zin
The Shining One

Annotations:
D:7 1 transporter
D:8 Amaemon

*,,,,,~~~~,~,,~,~~
#.#,,~~~~~~,,,,,,~
#.#,,,~~~~,,>,,,,,
#.#..S~.~~~,,,~~,~
#.#....~~โ‰ˆ,,~,,,~~
#.#.s~..Sโ‰ˆ~~,,~~~~
#.#....~~โ‰ˆ~~~~~~~~
#s#.6.sS..~~~~~~,,
#Y#..~.S4.~,~~,,,,
#6#.......,,,~,,,,
#ยง4...$...********
#s########* #.# #.#
#.# #.# #.#


You could see Amaemon, an orange demon and 2 scorpions.


Message History

Psyche melts you. Amaemon closely misses you.
Amaemon claws you but does no damage.
Amaemon tail-slaps you but does no damage.
Psyche casts a spell.
Psyche flickers and vanishes!
Deactivating autopickup; reactivate with Ctrl-A.
You hear a shout!
You see here a +0 dagger. ๐Ÿ˜ฎ HP[-4]
You take 4 damage, and now have 56/76 hp.
You barely miss something.
Amaemon hits you with a -1 demon whip of venom!
You are poisoned.
Amaemon closely misses you. Amaemon tail-slaps you. Something hits you.
Something melts you. ๐Ÿ˜ฎ HP[-13] MP[-3]
You take 13 damage, and now have 43/76 hp.
You lost 3 mp, and now have 10/19 mp.
You barely miss something.
You feel sick. Amaemon barely misses you. Amaemon misses you.
Amaemon tail-slaps you.
* * * LOW HITPOINT WARNING * * *
Something hits you but does no damage. ๐Ÿ˜จ HP[-6] MP[-1]
You take 6 damage, and now have 37/76 hp.
You lost 1 mp, and now have 9/19 mp.
You punch something! You freeze something.
You feel sick.
Amaemon hits you with a -1 demon whip of venom.
* * * LOW HITPOINT WARNING * * *
Amaemon claws you.
* * * LOW HITPOINT WARNING * * *
Amaemon tail-slaps you but does no damage.
Something hits you.
* * * LOW HITPOINT WARNING * * *
๐Ÿ˜จ HP[-9] MP[-2]
You take 9 damage, and now have 28/76 hp.
You lost 2 mp, and now have 7/19 mp.
You pummel something!! You freeze something.
Your transformation is almost over.
Your primal bloodlust has ended.
You feel sick. Something hits you.
* * * LOW HITPOINT WARNING * * *
Something melts you.
* * * LOW HITPOINT WARNING * * *
Amaemon hits you with a -1 demon whip of venom.
* * * LOW HITPOINT WARNING * * *
Amaemon closely misses you. Amaemon tail-slaps you.
* * * LOW HITPOINT WARNING * * *
๐Ÿ˜ฑ HP[-9] MP[-3]
You take 9 damage, and now have 19/76 hp.
You lost 3 mp, and now have 4/19 mp.
You barely miss something.
You feel sick.
Something hits you but does no damage. ๐Ÿ˜ฑ HP[-1]
You take 1 damage, and now have 18/76 hp.
Unknown command.
You punch something! You freeze something.
Reactivating autopickup.
You feel a bit more experienced.
You feel sick. Amaemon misses you. Amaemon claws you.
* * * LOW HITPOINT WARNING * * *
Amaemon barely misses you.
Your Transmutations skill increases to level 9! ๐Ÿ˜ฑ HP[-2]
You take 2 damage, and now have 16/76 hp.
Okay, then.
You feel sick. ๐Ÿ˜ฑ HP[-1]
You take 1 damage, and now have 15/76 hp.
It was a potion of berserk rage.
A red film seems to cover your vision as you go berserk!
You feel yourself moving faster!
You feel mighty!
You feel sick. Amaemon barely misses you. Amaemon closely misses you.
Amaemon completely misses you. ๐Ÿ˜ฑ HP[+7]
You now have 115 max hp (+39).
You regained 7 hp, and now have 22/115 hp.
You pummel Amaemon!! You freeze Amaemon.
You feel sick.
You hear a howl!
Amaemon casts a spell.
The orange demon stings you from afar!
* * * LOW HITPOINT WARNING * * *
๐Ÿ˜ฑ HP[-6] MP[-1]
You take 6 damage, and now have 16/115 hp.
You lost 1 mp, and now have 3/19 mp.
You punch Amaemon! You freeze Amaemon.
Amaemon hits you with a -1 demon whip of venom!
* * * LOW HITPOINT WARNING * * *
You are lethally poisoned!
Amaemon claws you.
* * * LOW HITPOINT WARNING * * *
Amaemon tail-slaps you but does no damage. ๐Ÿ˜ฑ HP[-12] MP[-2]
You take 12 damage, and now have 4/115 hp.
You lost 2 mp, and now have 1/19 mp.
You hit Amaemon. You freeze Amaemon.
* * * LOW HITPOINT WARNING * * *
You feel sick.
The scorpion disappears in a puff of smoke!
The scorpion stings you.
You die...

Skill      XL: |  1  2  3  4  5  6  7  8  9 |
---------------+----------------------------+-----
Transmutations | 3 4 5 6 7 9 |  9.1
Spellcasting   | 3 4 6 7 |  7.2
Poison Magic   | 1 |  1.2
Unarmed Combat | 4 5 6 |  6.7
Ice Magic      | 1 2 4 5 7 |  7.0
Fighting       | |  1.1
Dodging        | |  1.7

Action                   |  1- 3 |  4- 6 |  7- 9 || total
-------------------------+-------+-------+-------++-------
Melee: Unarmed           |    79 |   144 |   316 ||   539
       Kick              |    23 |    22 |     1 ||    46
       Punch             |     4 |     3 |       ||     7
       Tailslap          |     5 |     7 |       ||    12
       Headbutt          |    17 |     9 |     2 ||    28
 Cast: Beastly Appendage |    21 |    22 |     4 ||    47
       Spider Form       |       |     6 |     8 ||    14
       Ice Form          |       |     2 |    24 ||    26
       Wereblood         |       |       |     7 ||     7
 Abil: Breathe Dispellin |       |       |     1 ||     1
  Use: Scroll            |     3 |     1 |    13 ||    17
       Potion            |       |     2 |     2 ||     4
 Stab: Distracted        |       |     1 |       ||     1
Armor: Skin              |    15 |    32 |   105 ||   152
Dodge: Dodged            |    54 |    94 |   185 ||   333

Levels and vault maps discovered:
D:1:      lemuel_arrival_behind_the_door_small, layout_rooms,
          dreamdust_ecumenical_altar_grove
D:2:      layout_basic, basic_altar
D:3:      layout_basic, beargit_hepliaklqana_dungeon_heroes,
          nicolae_dithmenos_shadow_blocks
D:4:      layout_loops_cross, amcnicky_altar_gilded, okawaru_ov_weapons_minmay,
          uniq_edmund
D:5:      layout_loops_ring, lemuel_round_altar
D:6:      layout_basic, good_gods_mini_temple, cheibrodos_worm_habitat,
          minivault_26, kennysheep_nub, uniq_prince_ribbit1
D:7:      layout_basic, grunt_gozag_statues, grunt_nemelex_the_gamble,
          minmay_temple_entry_ruins
D:8:      layout_gridville, kennysheep_mini, overflow_temple_1_default,
          erik_lair_island, uniq_gastronok, uniq_psyche, uniq_amaemon
Temple:   hellmonk_temple_flake

Notes
Turn   | Place    | Note
-------+----------+-------------------------------------------
     0 | D:1      | kae the Draconian Transmuter began the quest for the Orb.
     0 | D:1      | Reached XP level 1. HP: 16/16 MP: 3/3
     0 | D:1      | magus.rc [v1.11.3]
    77 | D:1      | Reached XP level 2. HP: 19/23 MP: 1/5
   161 | D:1      | Learned a level 2 spell: Wereblood
   235 | D:1      | Reached XP level 3. HP: 28/28 MP: 6/6
   239 | D:1      | Learned a level 3 spell: Spider Form
   277 | D:1      | Found a faded altar of an unknown god.
   310 | D:1      | Reached skill level 3 in Transmutations
   601 | D:2      | Found a broken altar of Ashenzari.
   618 | D:2      | You add the spells Olgreb's Toxic Radiance, Ozocubu's
                  | Refrigeration and Ignition to your library.
   736 | D:2      | Reached XP level 4. HP: 34/35 MP: 4/7
  1350 | D:3      | Found a shadowy altar of Dithmenos.
  1351 | D:3      | Noticed a black bear
  1364 | D:3      | Killed a black bear
  1365 | D:3      | Reached skill level 3 in Spellcasting
  1365 | D:3      | Reached skill level 4 in Transmutations
  1365 | D:3      | Reached skill level 1 in Poison Magic
  1365 | D:3      | Reached XP level 5. HP: 28/40 MP: 3/9
  1584 | D:3      | Learned a level 4 spell: Ice Form
  1665 | D:3      | Reached skill level 4 in Unarmed Combat
  2242 | D:3      | Found a faded altar of an unknown god.
  2245 | D:3      | Found a hazy altar of Hepliaklqana.
  2251 | D:3      | Reached skill level 1 in Ice Magic
  2517 | D:4      | Reached XP level 6. HP: 29/47 MP: 5/10
  2625 | D:4      | Found an iron altar of Okawaru.
  2636 | D:4      | Identified the +7 falchion "Nuiw" {drain, rN+ Str+6 Int-4}
  2722 | D:4      | Found a blossoming altar of Fedhas.
  3084 | D:4      | Reached skill level 2 in Ice Magic
  3351 | D:4      | Noticed Edmund
  3360 | D:4      | Killed Edmund
  3361 | D:4      | Reached skill level 5 in Transmutations
  3361 | D:4      | Your scales start taking on a rich purple colour.
  3361 | D:4      | Reached skill level 4 in Spellcasting
  3361 | D:4      | Reached XP level 7. HP: 47/52 MP: 2/13
  3436 | D:5      | Entered Level 5 of the Dungeon
  3601 | D:5      | Found a radiant altar of Vehumet.
  3622 | D:5      | Reached skill level 3 in Ice Magic
  4355 | D:5      | Reached skill level 4 in Ice Magic
  4363 | D:5      | Reached skill level 6 in Transmutations
  4363 | D:5      | Reached XP level 8. HP: 59/59 MP: 11/15
  4366 | D:5      | Reached skill level 5 in Spellcasting
  4551 | D:6      | Reached skill level 5 in Unarmed Combat
  4689 | D:6      | You pick up a book of Vapours and begin reading...
  4689 | D:6      | You add the spells Poisonous Vapours, Cigotuvi's Dreadful
                  | Rot and Mephitic Cloud to your library.
  4846 | D:6      | Found a glowing golden altar of the Shining One.
  4846 | D:6      | Found a glowing silver altar of Zin.
  4846 | D:6      | Found a white marble altar of Elyvilon.
  4860 | D:6      | Noticed Prince Ribbit
  4869 | D:6      | Killed Prince Ribbit
  4870 | D:6      | Reached skill level 5 in Ice Magic
  5222 | D:6      | Reached skill level 7 in Transmutations
  5416 | D:6      | Found a snail-covered altar of Cheibriados.
  5801 | D:7      | HP: 17/70 [gnoll bouda/+0 whip (6)]
  5803 | D:7      | HP: 2/70 [gnoll/+0 halberd[a gnoll bouda] (8)]
  6200 | D:7      | Found a staircase to the Ecumenical Temple.
  6211 | D:7      | Reached skill level 6 in Spellcasting
  6211 | D:7      | Reached XP level 9. HP: 64/64 MP: 11/18
  6215 | D:7      | Reached skill level 6 in Ice Magic
  6220 | D:7      | Reached skill level 6 in Unarmed Combat
  6402 | Temple   | Entered the Ecumenical Temple
  6659 | D:7      | Reached skill level 8 in Transmutations
  6959 | D:7      | Found an opulent altar of Gozag.
  7046 | D:7      | Found a sparkling altar of Nemelex Xobeh.
  7046 | D:7      | Found a transporter.
  7046 | D:7      | Noticed a troll
  7047 | D:7      | Noticed a deep elf pyromancer
  7127 | D:7      | Identified the +5 whip "Ocvawnun" {heavy, rElec rC+ rCorr}
  7615 | D:8      | Reached skill level 7 in Ice Magic
  7645 | D:8      | Found a sacrificial altar of Ru.
  7686 | D:8      | Became a worshipper of Ru the Awakened
  7848 | D:8      | Found a shimmering altar of Xom.
  7944 | D:8      | Noticed Psyche
  7950 | D:8      | Reached skill level 7 in Spellcasting
  7953 | D:8      | Noticed Amaemon
  7958 | D:8      | Noticed an orange demon
  7970 | D:8      | HP: 19/76 [Amaemon/-1 demon whip of venom (1)]
  7972 | D:8      | Killed Psyche
  7973 | D:8      | Reached skill level 9 in Transmutations
  7975 | D:8      | HP: 22/115 [poisoned by Amaemon]
  7976 | D:8      | HP: 6/115 [Amaemon/-1 demon whip of venom (10)]
  7977 | D:8      | HP: 2/115 [poisoned by Amaemon]
  7977 | D:8      | Slain by a scorpion

Vanquished Creatures
  Psyche (D:8)
  Prince Ribbit (D:6)
  A wyvern (D:7)
  5 yaks (D:7)
  Edmund (D:4)
  3 black bears
  A wolf (D:8)
  A phantom (D:5)
  3 kobold brigands
  3 bullfrogs
  2 scorpions
  2 necrophages
  A gnoll sergeant (D:8)
  3 killer bees (D:7)
  A gnoll bouda (D:6)
  12 hounds
  2 orc priests
  4 jellies
  3 iguanas
  5 orc wizards
  9 gnolls
  8 adders
  A white imp (D:5)
  An ufetubus (D:7)
  2 worms
  A dart slug (D:1)
  23 orcs
  A ball python (D:1)
  9 endoplasms
  4 giant cockroaches (D:1)
  11 goblins
  5 hobgoblins
  5 jackals
  23 kobolds
  2 quokkas
  5 bats
  3 frilled lizards
  3 rats
171 creatures vanquished.

Vanquished Creatures (others)
  A fungus (D:1)
  A plant (D:1)
2 creatures vanquished.

Grand Total: 173 creatures vanquished

Table legend:
 A = Non-vault XP
 B = Vault XP
 C = Vault XP percentage of total XP
 D = Non-vault monster count
 E = Vault monster count
 F = Vault count percentage of total count
                 A         B        C        D         E       F
            +---------+---------+-------+---------+---------+-------
      Total |    4227 |    1181 |  21.8 |     160 |      11 |   6.4
            +---------+---------+-------+---------+---------+-------
        D:1 |      71 |       0 |   0.0 |      30 |       0 |   0.0
        D:2 |      43 |       0 |   0.0 |      18 |       0 |   0.0
        D:3 |     215 |      36 |  14.3 |      20 |       1 |   4.8
        D:4 |     232 |     154 |  39.9 |      10 |       1 |   9.1
        D:5 |     761 |       0 |   0.0 |      22 |       0 |   0.0
        D:6 |     723 |     279 |  27.8 |      26 |       2 |   7.1
        D:7 |    1731 |       0 |   0.0 |      21 |       0 |   0.0
        D:8 |     451 |     712 |  61.2 |      13 |       7 |  35.0
            +---------+---------+-------+---------+---------+-------

Illustrated notes

Table legend:
 A = Kills in this place as a percentage of kills in entire the game.
 B = Kills by you in this place as a percentage of kills by you in the entire game.
 C = Kills by friends in this place as a percentage of kills by friends in the entire game.
 D = Other kills in this place as a percentage of other kills in the entire game.
 E = Experience gained in this place as a percentage of experience gained in the entire game.
 F = Experience gained in this place divided by the number of levels of this place that you have seen.
                   A       B       C       D       E      F
               +-------+-------+-------+-------+-------+----------------------
         Total | 100.0 | 100.0 |   N/A |   N/A | 100.0 | 600.9
       Dungeon | 100.0 | 100.0 |   N/A |   N/A | 100.0 | 676.0
               +-------+-------+-------+-------+-------+----------------------

Table legend: (Time is in decaauts)
 A = Elapsed time spent in this place.
 B = Non-inter-level travel time spent in this place.
 C = Inter-level travel time spent in this place.
 D = Time resting spent in this place.
 E = Time spent auto-exploring this place.
 F = Levels seen in this place.
 G = Mean time per level.
                   A        B        C        D        E       F      G
               +--------+--------+--------+--------+--------+-----+--------+
         Total |   7932 |   7763 |    169 |    655 |   5891 |   9 |  881.3 |
       Dungeon |   7772 |   7614 |    158 |    655 |   5748 |   8 |  971.5 |
        Temple |    159 |    149 |     10 |      0 |    143 |   1 |  159.0 |
               +--------+--------+--------+--------+--------+-----+--------+

Top non-repeatable levels by time:
     D:6: 1534 daAuts
     D:7: 1358 daAuts
     D:3: 1240 daAuts
     D:5: 1094 daAuts
     D:4: 876 daAuts
     D:2: 739 daAuts
     D:1: 566 daAuts
     D:8: 363 daAuts
  Temple: 159 daAuts
